Rafales vs Senators
Created - April 24, 2019 at 19:02
Goals
|
Rafales |
0 |
2 |
0 |
2 |
Senators |
1 |
4 |
1 |
6 |
|
Shots
|
Rafales |
7 |
13 |
12 |
32 |
Senators |
7 |
13 |
6 |
26 |
|
1st period
1. Senators , Johannes Salmonsson 20 (Tomas Jurco 20, Olli Maatta 29) at 6:39
Penalties :
Slater Koekkoek (Stf) for Elbowing (Minor) at 8:39
2nd period
2. Senators , Matt Frattin 28 (Nick Foligno 48) at 3:26
3. Senators , Tommy Wingels 30 (Matt Frattin 38, Nick Foligno 49) at 7:00
4. Senators , Gabriel Bourque 57 (Arturs Kulda 42) at 7:08
5. Senators , Marc-André Bernier 5 (Gabriel Bourque 74, Stephane Da Costa 67) at 11:25
6. Rafales , Cedric Paquette 8 (Dylan McIlrath 13, Matt Gilroy 50) at 12:23
7. Rafales , Cody McLeod 62 (Slater Koekkoek 12) at 19:00
Penalties :
Olli Maatta (BIN) for Goalie Interference (Minor) at 16:28
3rd period
8. Senators , Nick Foligno 39 (Matt Frattin 39, Tommy Wingels 50) at 13:04 (PP)
Penalties :
Arturs Kulda (BIN) for Interference (Minor) at 6:56, Leland Irving (Stf) for Slashing (Minor) at 12:16 - Joey Laleggia served the penalty
Goalie Stats
Leland Irving (Stf), 20 saves from 26 shots - (0.769), L, 40-21-7, 60:00 minutes
Brad Thiessen (BIN), 30 saves from 32 shots - (0.938), W, 24-17-9, 60:00 minutes
Players Stats for Rafales
Player Name G A P +/- PIM S H SB GA TA FO MP PP MP PK MP
------------------------------------------------------------------------------------
Brian Ferlin 0 0 0 -1 0 6 1 0 0 0 1/1 13:33 0:07 0:00
Carl Klingberg 0 0 0 -1 0 3 2 0 0 0 1/1 14:04 0:09 0:47
Cedric Paquette 1 0 1 -1 0 1 4 0 0 0 2/2 9:30 0:07 0:30
Chris Terry 0 0 0 -1 0 0 0 0 0 0 0/0 8:36 0:00 0:00
Cody McLeod 1 0 1 0 0 3 2 0 2 0 0/1 20:34 2:00 1:43
Connor Murphy 0 0 0 -2 0 1 0 0 1 2 0/0 30:14 1:53 1:55
Dylan McIlrath 0 1 1 -2 0 2 1 0 0 1 0/0 20:52 2:00 1:07
James Marcou 0 0 0 -1 0 2 0 0 1 0 0/0 8:36 0:00 0:00
James Sheppard 0 0 0 -1 0 1 1 3 1 0 0/0 17:17 1:49 0:48
Joey Laleggia 0 0 0 0 0 1 0 0 0 0 0/0 14:47 0:05 0:40
Julian Melchiori 0 0 0 -1 0 0 0 0 0 0 0/0 2:35 0:00 0:00
Kevin Veilleux 0 0 0 -1 0 0 0 0 0 0 3/6 13:03 0:00 0:00
Matt Gilroy 0 1 1 0 0 4 1 2 2 2 0/0 27:37 1:58 1:52
Michael Ryder 0 0 0 0 0 1 1 0 1 0 1/2 18:48 2:02 0:00
Mike Zigomanis 0 0 0 0 0 1 1 0 1 1 16/37 20:40 2:02 1:46
Milan Bartovic 0 0 0 -1 0 2 2 0 0 0 0/0 16:29 1:49 0:00
Nathan Davis 0 0 0 -1 0 4 3 0 0 1 2/5 16:29 1:49 0:00
Slater Koekkoek 0 1 1 -1 2 0 3 3 0 1 0/0 23:28 2:00 0:00
Players Stats for Senators
Player Name G A P +/- PIM S H SB GA TA FO MP PP MP PK MP
------------------------------------------------------------------------------------
Arturs Kulda 0 1 1 2 2 0 4 8 1 2 0/0 25:46 1:30 1:13
Chandler Stephenson 0 0 0 0 0 0 1 0 0 0 0/3 9:29 0:00 0:00
Gabriel Bourque 1 1 2 1 0 6 4 0 5 0 1/2 21:30 1:26 1:15
Johannes Salmonsson 1 0 1 0 0 2 0 1 1 1 0/0 12:56 0:00 1:47
Keegan Lowe 0 0 0 1 0 0 0 0 0 0 0/0 12:48 0:00 0:00
Marc-André Bernier 1 0 1 1 0 2 1 2 0 0 1/2 20:13 1:26 0:00
Mason Geertsen 0 0 0 1 0 0 0 1 0 1 0/0 15:34 0:00 2:27
Matt Frattin 1 2 3 2 0 3 0 2 0 0 0/0 15:05 1:21 0:00
Nick Foligno 1 2 3 2 0 2 0 0 0 0 0/1 16:16 1:21 1:11
Olli Maatta 0 1 1 2 2 2 2 2 0 3 0/0 25:48 1:30 1:13
Phil Di Giuseppe 0 0 0 0 0 3 1 0 0 0 0/0 11:02 0:00 1:29
Samuel Morin 0 0 0 0 0 0 1 4 0 1 0/0 19:54 1:17 1:31
Scott Harrington 0 0 0 0 0 0 1 0 0 0 0/0 20:14 1:17 1:32
Sebastian Wannstrom 0 0 0 0 0 0 1 0 0 0 1/1 9:29 0:00 0:00
Stephane Da Costa 0 1 1 1 0 3 1 0 0 0 21/34 21:44 1:26 1:31
Tomas Jurco 0 1 1 0 0 0 0 0 1 1 0/0 11:09 0:00 0:00
Tommy Wingels 1 1 2 2 0 3 1 1 0 0 5/11 15:05 1:21 0:00
Zemgus Girgensons 0 0 0 0 0 0 2 0 0 0 0/1 11:58 0:00 0:43
3 Stars
1 - Matt Frattin (BIN)
2 - Nick Foligno (BIN)
3 - Gabriel Bourque (BIN)
Power Play
Rafales - 0 on 2 Attempt(s) - 0.00%
Senators - 1 on 2 Attempt(s) - 50.00%
Penalty Kill
Rafales - 1 on 2 Attempt(s) - 50.00%
- Score 0 goal in Penalty Kill
Senators - 2 on 2 Attempt(s) - 100.00%
- Score 0 goal in Penalty Kill
Team Stat
Rafales - Hits : 22 - Faceoff Wins : 26 - Blocked Shots : 8 - Penalty Minutes : 4
Senators - Hits : 20 - Faceoff Wins : 29 - Blocked Shots : 21 - Penalty Minutes : 4
Official
Referees : Unknown
Linesman : Unknown
Game Notes
Julian Melchiori is injured at 7:54 of 1st period (Strained Left Elbow)
Finance
Level 1 -- Attendance: 1530 (76.50%) -- Ticket Income $50,490
Level 2 -- Attendance: 674 (67.40%) -- Ticket Income $10,110
Total Attendance: 2204 (73.47%)
Total Ticket Income: $60,600
Other Income: $3,030
Total Income: $63,630
Rafales
5 vs 5 Forward
Center Left Wing Right Wing Time % Phy DF OF
1 Mike Zigomanis Cody McLeod Michael Ryder 40 0 1 4
2 Nathan Davis James Sheppard Milan Bartovic 30 0 1 4
3 Kevin Veilleux Carl Klingberg Brian Ferlin 20 1 1 3
4 Cedric Paquette Chris Terry James Marcou 10 2 1 2
5 vs 5 Defense
Defense Defense Time % Phy DF OF
1 Matt Gilroy Connor Murphy 40 1 3 1
2 Julian Melchiori Dylan McIlrath 30 1 3 1
3 Slater Koekkoek Joey Laleggia 20 1 3 1
4 Matt Gilroy Connor Murphy 10 1 3 1
PowerPlay Forward
Center Left Wing Right Wing Time % Phy DF OF
1 Mike Zigomanis Cody McLeod Michael Ryder 60 0 0 5
2 Nathan Davis James Sheppard Milan Bartovic 40 0 0 5
PowerPlay Defense
Defense Defense Time % Phy DF OF
1 Matt Gilroy Connor Murphy 60 0 2 3
2 Julian Melchiori Dylan McIlrath 40 0 2 3
Penalty Kill 4 Players Forward
Center Wing Time % Phy DF OF
1 Mike Zigomanis Cody McLeod 60 1 3 1
2 James Sheppard Carl Klingberg 40 1 3 1
Penalty Kill 4 Players Defense
Defense Defense Time % Phy DF OF
1 Matt Gilroy Connor Murphy 60 2 3 0
2 Julian Melchiori Dylan McIlrath 40 2 3 0
Penalty Kill - 3 Players Forward
Forward Time % Phy DF OF
1 Mike Zigomanis 60 0 5 0
2 Cody McLeod 40 0 5 0
Penalty Kill - 3 Players Defense
Defense Defense Time % Phy DF OF
1 Matt Gilroy Connor Murphy 60 1 4 0
2 Julian Melchiori Dylan McIlrath 40 1 4 0
4 vs 4 Forward
Center Wing Time % Phy DF OF
1 Mike Zigomanis Cody McLeod 60 1 1 3
2 James Sheppard Carl Klingberg 40 1 1 3
4 vs 4 Defense
Defense Defense Time % Phy DF OF
1 Matt Gilroy Connor Murphy 60 1 3 1
2 Julian Melchiori Dylan McIlrath 40 1 3 1
Last Minutes Offensive
Center Left Wing Right Wing Defense Defense
Mike Zigomanis Cody McLeod Michael Ryder Matt Gilroy Connor Murphy
Last Minutes Defensive
Center Left Wing Right Wing Defense Defense
Mike Zigomanis Cody McLeod Michael Ryder Matt Gilroy Connor Murphy
Goaltenders
Starting : Leland Irving
Backup : Sean Maguire
Extra Forwards
Normal : Mike Zigomanis, Cody McLeod, Milan Bartovic - PP : Mike Zigomanis, Cody McLeod - PK : James Sheppard
Extra Defensemen
Normal : Connor Murphy, Matt Gilroy, Julian Melchiori - PP : Connor Murphy - PK : Matt Gilroy, Julian Melchiori
Penalty Shots
Mike Zigomanis, Cody McLeod, James Sheppard, Carl Klingberg, Nathan Davis
Scratches
Ben Sexton (Healthy), Ryan Bourque (Healthy), Ben Johnson (Healthy), Jayson Megna (Healthy), Brad Ross (Healthy)
Ben Thomson (Healthy), Tyrell Goulbourne (Healthy), David Broll (Healthy), Stefan Chaput (Healthy), Dennis Persson (Healthy)
Akim Aliu (Healthy), Maksim Mayorov (Healthy), Chris Driedger (Healthy)
Senators
5 vs 5 Forward
Center Left Wing Right Wing Time % Phy DF OF
1 Stephane Da Costa Gabriel Bourque Marc-André Bernier 40 1 2 2
2 Tommy Wingels Nick Foligno Matt Frattin 30 1 2 2
3 Zemgus Girgensons Johannes Salmonsson Tomas Jurco 20 1 2 2
4 Chandler Stephenson Phil Di Giuseppe Sebastian Wannstrom 10 1 2 2
5 vs 5 Defense
Defense Defense Time % Phy DF OF
1 Arturs Kulda Olli Maatta 40 1 2 2
2 Samuel Morin Scott Harrington 30 1 2 2
3 Keegan Lowe Mason Geertsen 20 1 2 2
4 Arturs Kulda Olli Maatta 10 1 2 2
PowerPlay Forward
Center Left Wing Right Wing Time % Phy DF OF
1 Stephane Da Costa Gabriel Bourque Marc-André Bernier 60 1 2 2
2 Tommy Wingels Nick Foligno Matt Frattin 40 1 2 2
PowerPlay Defense
Defense Defense Time % Phy DF OF
1 Arturs Kulda Olli Maatta 60 1 2 2
2 Samuel Morin Scott Harrington 40 1 2 2
Penalty Kill 4 Players Forward
Center Wing Time % Phy DF OF
1 Stephane Da Costa Gabriel Bourque 60 1 2 2
2 Nick Foligno Johannes Salmonsson 40 1 2 2
Penalty Kill 4 Players Defense
Defense Defense Time % Phy DF OF
1 Arturs Kulda Olli Maatta 60 1 2 2
2 Samuel Morin Scott Harrington 40 1 2 2
Penalty Kill - 3 Players Forward
Forward Time % Phy DF OF
1 Stephane Da Costa 60 1 2 2
2 Gabriel Bourque 40 1 2 2
Penalty Kill - 3 Players Defense
Defense Defense Time % Phy DF OF
1 Arturs Kulda Olli Maatta 60 1 2 2
2 Samuel Morin Scott Harrington 40 1 2 2
4 vs 4 Forward
Center Wing Time % Phy DF OF
1 Stephane Da Costa Gabriel Bourque 60 1 2 2
2 Nick Foligno Johannes Salmonsson 40 1 2 2
4 vs 4 Defense
Defense Defense Time % Phy DF OF
1 Arturs Kulda Olli Maatta 60 1 2 2
2 Samuel Morin Scott Harrington 40 1 2 2
Last Minutes Offensive
Center Left Wing Right Wing Defense Defense
Stephane Da Costa Gabriel Bourque Marc-André Bernier Arturs Kulda Olli Maatta
Last Minutes Defensive
Center Left Wing Right Wing Defense Defense
Stephane Da Costa Gabriel Bourque Marc-André Bernier Arturs Kulda Olli Maatta
Goaltenders
Starting : Brad Thiessen
Backup : Ben Bishop
Extra Forwards
Normal : Tomas Jurco, Zemgus Girgensons, Phil Di Giuseppe - PP : Tomas Jurco, Zemgus Girgensons - PK : Phil Di Giuseppe
Extra Defensemen
Normal : Keegan Lowe, Mason Geertsen, Samuel Morin - PP : Keegan Lowe - PK : Mason Geertsen, Samuel Morin
Penalty Shots
Stephane Da Costa, Gabriel Bourque, Nick Foligno, Johannes Salmonsson, Marc-André Bernier
Scratches
Andy Andreoff (Healthy), Grant Besse (Healthy), Dylan Blujus (Healthy), Brett Bulmer (Healthy), Blake Coleman (Healthy)
% Time on Ice - Rafales
Lines # - Real PCT - Wanted PCT - Time Play
Normal Forward
1 - 32% - 40% - 16:56
2 - 28% - 30% - 14:40
3 - 25% - 20% - 13:03
4 - 16% - 10% - 8:36
Normal Defense
1 - 34% - 40% - 18:03
2 - 39% - 30% - 20:34
3 - 25% - 20% - 13:15
4 - 3% - 10% - 1:23
PP Forward
1 - 54% - 60% - 2:09
2 - 46% - 40% - 1:49
PP Defense
1 - 50% - 60% - 1:58
2 - 50% - 40% - 2:00
PK Forward
1 - 81% - 60% - 2:16
2 - 19% - 40% - 0:31
PK Defense
1 - 36% - 60% - 1:00
2 - 64% - 40% - 1:47
PK3 Forward
1 - 0% - 60%
2 - 0% - 40%
PK3 Defense
1 - 0% - 60%
2 - 0% - 40%
44 Forward
1 - 0% - 60%
2 - 0% - 40%
44 Defense
1 - 0% - 60%
2 - 0% - 40%
Last Minute Offensive - 0:00
Last Minute Defensive - 0:00
Total
Forward - 60:00
Defense - 60:00
|
% Time on Ice - Senators
Lines # - Real PCT - Wanted PCT - Time Play
Normal Forward
1 - 35% - 40% - 18:53
2 - 26% - 30% - 13:44
3 - 21% - 20% - 11:09
4 - 18% - 10% - 9:29
Normal Defense
1 - 37% - 40% - 19:32
2 - 32% - 30% - 17:06
3 - 24% - 20% - 12:48
4 - 7% - 10% - 3:49
PP Forward
1 - 51% - 60% - 1:26
2 - 49% - 40% - 1:21
PP Defense
1 - 54% - 60% - 1:30
2 - 46% - 40% - 1:17
PK Forward
1 - 82% - 60% - 3:14
2 - 18% - 40% - 0:44
PK Defense
1 - 79% - 60% - 3:09
2 - 21% - 40% - 0:49
PK3 Forward
1 - 0% - 60%
2 - 0% - 40%
PK3 Defense
1 - 0% - 60%
2 - 0% - 40%
44 Forward
1 - 0% - 60%
2 - 0% - 40%
44 Defense
1 - 0% - 60%
2 - 0% - 40%
Last Minute Offensive - 0:00
Last Minute Defensive - 0:00
Total
Forward - 60:00
Defense - 60:00
|
Play-by-Play
1st period
0:01 of 1st period - Michael Ryder wins face-off versus Marc-André Bernier in neutral zone.
0:10 of 1st period - Snap shot by Michael Ryder.
0:10 of 1st period - Shot Misses the Net.
0:25 of 1st period - Tommy Wingels is hit by Nathan Davis and loses puck.
1:19 of 1st period - Snap shot by James Marcou.
1:19 of 1st period - Stopped by Brad Thiessen without a rebound.
1:20 of 1st period - Mike Zigomanis wins face-off versus Stephane Da Costa in Senators zone.
2:00 of 1st period - Slapshot by Matt Frattin.
2:00 of 1st period - Shot Misses the Net.
2:02 of 1st period - Wrist shot by Tommy Wingels.
2:02 of 1st period - Shot Blocked by Matt Gilroy.
4:07 of 1st period - Snap shot by Brian Ferlin.
4:07 of 1st period - Stopped by Brad Thiessen with a rebound.
4:09 of 1st period - Wrist shot by Julian Melchiori.
4:09 of 1st period - Shot Misses the Net.
4:47 of 1st period - Olli Maatta is hit by Slater Koekkoek and loses puck.
5:03 of 1st period - Off-side.
5:04 of 1st period - Cedric Paquette wins face-off versus Zemgus Girgensons in neutral zone.
5:34 of 1st period - Scott Harrington is hit by Cody McLeod and loses puck.
5:40 of 1st period - Off-side.
5:41 of 1st period - Tommy Wingels wins face-off versus Nathan Davis in neutral zone.
5:48 of 1st period - Wrist shot by Matt Frattin.
5:48 of 1st period - Shot Misses the Net.
6:13 of 1st period - Snap shot by Cody McLeod.
6:13 of 1st period - Shot Misses the Net.
6:35 of 1st period - Wrist shot by Tomas Jurco.
6:35 of 1st period - Shot Misses the Net.
6:37 of 1st period - Slapshot by Olli Maatta.
6:37 of 1st period - Deflect By Kevin Veilleux.
6:37 of 1st period - Stopped by Leland Irving with a rebound.
6:39 of 1st period - Slapshot by Tomas Jurco.
6:39 of 1st period - Deflect By Johannes Salmonsson.
6:39 of 1st period - Goal by Johannes Salmonsson - Rafales : 0 - Senators : 1.
6:40 of 1st period - Stephane Da Costa wins face-off versus Mike Zigomanis in neutral zone.
6:42 of 1st period - Off-side.
6:43 of 1st period - Stephane Da Costa wins face-off versus Mike Zigomanis in neutral zone.
6:55 of 1st period - Off-side.
6:56 of 1st period - Mike Zigomanis wins face-off versus Stephane Da Costa in neutral zone.
6:59 of 1st period - Wrist shot by Cody McLeod.
6:59 of 1st period - Deflect By Michael Ryder.
6:59 of 1st period - Shot Blocked by Marc-André Bernier.
6:59 of 1st period - Puck is out of play.
7:00 of 1st period - Mike Zigomanis wins face-off versus Stephane Da Costa in Senators zone.
7:03 of 1st period - Snap shot by Cody McLeod.
7:03 of 1st period - Stopped by Brad Thiessen with a rebound.
7:53 of 1st period - Julian Melchiori is hit by Chandler Stephenson and loses puck.
7:54 of 1st period - Julian Melchiori from Rafales is injured at 7:54 of 1st period (Strained Left Elbow).
7:55 of 1st period - Stephane Da Costa wins face-off versus Mike Zigomanis in Rafales zone.
8:20 of 1st period - Matt Gilroy is hit by Tommy Wingels and loses puck.
8:31 of 1st period - Snap shot by Matt Frattin.
8:31 of 1st period - Shot Misses the Net.
8:33 of 1st period - Snap shot by Olli Maatta.
8:33 of 1st period - Shot Blocked by Slater Koekkoek.
8:39 of 1st period - Minor Penalty to Slater Koekkoek for Elbowing.
8:40 of 1st period - Stephane Da Costa wins face-off versus Mike Zigomanis in Rafales zone.
8:47 of 1st period - Wrist shot by Stephane Da Costa.
8:47 of 1st period - Stopped by Leland Irving with a rebound.
10:39 of 1st period - Penalty to Slater Koekkoek is over, Slater Koekkoek is back on ice.
11:41 of 1st period - Arturs Kulda is hit by Carl Klingberg and loses puck.
12:20 of 1st period - Brian Ferlin is hit by Phil Di Giuseppe and loses puck.
12:27 of 1st period - Keegan Lowe is hit by Cedric Paquette and loses puck.
12:51 of 1st period - Snap shot by Phil Di Giuseppe.
12:51 of 1st period - Shot Misses the Net.
13:10 of 1st period - Olli Maatta is hit by Cedric Paquette and loses puck.
13:19 of 1st period - Cedric Paquette is hit by Arturs Kulda and loses puck.
13:30 of 1st period - Off-side.
13:31 of 1st period - Stephane Da Costa wins face-off versus Mike Zigomanis in neutral zone.
13:38 of 1st period - Backhand shot by Cody McLeod.
13:38 of 1st period - Stopped by Brad Thiessen without a rebound.
13:39 of 1st period - Stephane Da Costa wins face-off versus Mike Zigomanis in Senators zone.
13:59 of 1st period - Gabriel Bourque is hit by Mike Zigomanis and loses puck.
14:04 of 1st period - Slapshot by Mike Zigomanis.
14:04 of 1st period - Stopped by Brad Thiessen with a rebound.
14:30 of 1st period - Wrist shot by Michael Ryder.
14:30 of 1st period - Shot Misses the Net.
14:32 of 1st period - Backhand shot by Dylan McIlrath.
14:32 of 1st period - Deflect By Michael Ryder.
14:32 of 1st period - Shot Misses the Net.
14:32 of 1st period - Puck is out of play.
14:33 of 1st period - Nathan Davis wins face-off versus Tommy Wingels in Senators zone.
14:34 of 1st period - Wrist shot by James Sheppard.
14:34 of 1st period - Shot Hit the Post.
15:06 of 1st period - Snap shot by Brian Ferlin.
15:06 of 1st period - Stopped by Brad Thiessen with a rebound.
15:08 of 1st period - Backhand shot by Connor Murphy.
15:08 of 1st period - Shot Blocked by Arturs Kulda.
16:29 of 1st period - Scott Harrington is hit by Matt Gilroy and loses puck.
16:53 of 1st period - Wrist shot by Phil Di Giuseppe.
16:53 of 1st period - Stopped by Leland Irving without a rebound.
16:54 of 1st period - Sebastian Wannstrom wins face-off versus Kevin Veilleux in Rafales zone.
17:13 of 1st period - Snap shot by Sebastian Wannstrom.
17:13 of 1st period - Deflect By Phil Di Giuseppe.
17:13 of 1st period - Shot Blocked by Slater Koekkoek.
17:13 of 1st period - Puck is out of play.
17:14 of 1st period - Tommy Wingels wins face-off versus Mike Zigomanis in Rafales zone.
17:45 of 1st period - Connor Murphy is hit by Gabriel Bourque and loses puck.
18:21 of 1st period - Scott Harrington is hit by Cedric Paquette and loses puck.
18:38 of 1st period - Snap shot by Nick Foligno.
18:38 of 1st period - Shot Misses the Net.
18:40 of 1st period - Slapshot by Tommy Wingels.
18:40 of 1st period - Stopped by Leland Irving without a rebound.
18:41 of 1st period - Mike Zigomanis wins face-off versus Tommy Wingels in Rafales zone.
18:52 of 1st period - Wrist shot by Cody McLeod.
18:52 of 1st period - Shot Blocked by Matt Frattin.
18:54 of 1st period - Backhand shot by Cody McLeod.
18:54 of 1st period - Shot Misses the Net.
18:56 of 1st period - Slapshot by Matt Gilroy.
18:56 of 1st period - Deflect By Nick Foligno.
18:56 of 1st period - Stopped by Brad Thiessen with a rebound.
19:11 of 1st period - Wrist shot by Stephane Da Costa.
19:11 of 1st period - Shot Blocked by James Sheppard.
19:13 of 1st period - Snap shot by Olli Maatta.
19:13 of 1st period - Deflect By Milan Bartovic.
19:13 of 1st period - Stopped by Leland Irving without a rebound.
19:14 of 1st period - Stephane Da Costa wins face-off versus Cody McLeod in Rafales zone.
19:15 of 1st period - Snap shot by Gabriel Bourque.
19:15 of 1st period - Stopped by Leland Irving with a rebound.
Goals for this period are 0 for Rafales vs 1 for Senators.
Shots for this period are 7 for Rafales vs 7 for Senators.
2nd period
0:01 of 2nd period - Stephane Da Costa wins face-off versus Mike Zigomanis in neutral zone.
0:12 of 2nd period - Wrist shot by Cody McLeod.
0:12 of 2nd period - Shot Blocked by Arturs Kulda.
0:14 of 2nd period - Slapshot by Connor Murphy.
0:14 of 2nd period - Stopped by Brad Thiessen without a rebound.
0:15 of 2nd period - Tommy Wingels wins face-off versus Nathan Davis in Senators zone.
0:26 of 2nd period - Wrist shot by Milan Bartovic.
0:26 of 2nd period - Shot Blocked by Tommy Wingels.
1:08 of 2nd period - Kevin Veilleux is hit by Zemgus Girgensons and loses puck.
1:25 of 2nd period - Wrist shot by Phil Di Giuseppe.
1:25 of 2nd period - Stopped by Leland Irving without a rebound.
1:26 of 2nd period - Mike Zigomanis wins face-off versus Chandler Stephenson in Rafales zone.
1:26 of 2nd period - Mike Zigomanis is hit by Arturs Kulda.
1:31 of 2nd period - Off-side.
1:32 of 2nd period - Stephane Da Costa wins face-off versus Mike Zigomanis in neutral zone.
1:49 of 2nd period - Stephane Da Costa is hit by Michael Ryder.
2:09 of 2nd period - Slapshot by Nathan Davis.
2:09 of 2nd period - Shot Blocked by Arturs Kulda.
2:21 of 2nd period - Slapshot by Carl Klingberg.
2:21 of 2nd period - Stopped by Brad Thiessen with a rebound.
2:23 of 2nd period - Snap shot by Brian Ferlin.
2:23 of 2nd period - Shot Blocked by Samuel Morin.
2:25 of 2nd period - Slapshot by Matt Gilroy.
2:25 of 2nd period - Shot Blocked by Samuel Morin.
2:27 of 2nd period - Slapshot by Matt Gilroy.
2:27 of 2nd period - Stopped by Brad Thiessen with a rebound.
3:26 of 2nd period - Snap shot by Matt Frattin.
3:26 of 2nd period - Goal by Matt Frattin - Rafales : 0 - Senators : 2.
3:27 of 2nd period - Marc-André Bernier wins face-off versus Mike Zigomanis in neutral zone.
3:40 of 2nd period - Snap shot by Michael Ryder.
3:40 of 2nd period - Shot Misses the Net.
3:42 of 2nd period - Slapshot by Connor Murphy.
3:42 of 2nd period - Shot Blocked by Arturs Kulda.
4:01 of 2nd period - Snap shot by Nick Foligno.
4:01 of 2nd period - Deflect By Tommy Wingels.
4:01 of 2nd period - Stopped by Leland Irving with a rebound.
4:03 of 2nd period - Slapshot by Olli Maatta.
4:03 of 2nd period - Shot Blocked by James Sheppard.
4:25 of 2nd period - Scott Harrington is hit by Slater Koekkoek and loses puck.
4:38 of 2nd period - Snap shot by Phil Di Giuseppe.
4:38 of 2nd period - Stopped by Leland Irving without a rebound.
4:39 of 2nd period - Mike Zigomanis wins face-off versus Chandler Stephenson in Rafales zone.
5:04 of 2nd period - Matt Gilroy is hit by Gabriel Bourque and loses puck.
5:27 of 2nd period - Nick Foligno is hit by Cedric Paquette and loses puck.
7:00 of 2nd period - Wrist shot by Matt Frattin.
7:00 of 2nd period - Deflect By Tommy Wingels.
7:00 of 2nd period - Goal by Tommy Wingels - Rafales : 0 - Senators : 3.
7:01 of 2nd period - Stephane Da Costa wins face-off versus Mike Zigomanis in neutral zone.
7:08 of 2nd period - Wrist shot by Gabriel Bourque.
7:08 of 2nd period - Goal by Gabriel Bourque - Rafales : 0 - Senators : 4.
7:09 of 2nd period - Stephane Da Costa wins face-off versus Mike Zigomanis in neutral zone.
7:20 of 2nd period - Wrist shot by Mike Zigomanis.
7:20 of 2nd period - Shot Blocked by Olli Maatta.
7:34 of 2nd period - Olli Maatta is hit by Nathan Davis and loses puck.
7:57 of 2nd period - Snap shot by Brian Ferlin.
7:57 of 2nd period - Shot Blocked by Arturs Kulda.
8:03 of 2nd period - Wrist shot by Brian Ferlin.
8:03 of 2nd period - Stopped by Brad Thiessen with a rebound.
8:51 of 2nd period - Mike Zigomanis is hit by Samuel Morin and loses puck.
9:11 of 2nd period - Samuel Morin is hit by Milan Bartovic.
9:17 of 2nd period - Snap shot by Matt Frattin.
9:17 of 2nd period - Shot Misses the Net.
9:23 of 2nd period - Keegan Lowe is hit by Slater Koekkoek and loses puck.
9:40 of 2nd period - Slapshot by Matt Frattin.
9:40 of 2nd period - Stopped by Leland Irving with a rebound.
10:24 of 2nd period - Matt Gilroy is hit by Scott Harrington and loses puck.
11:09 of 2nd period - Icing by Dylan McIlrath.
11:10 of 2nd period - Cedric Paquette wins face-off versus Gabriel Bourque in Rafales zone.
11:19 of 2nd period - Slapshot by Stephane Da Costa.
11:19 of 2nd period - Shot Misses the Net.
11:21 of 2nd period - Snap shot by Gabriel Bourque.
11:21 of 2nd period - Stopped by Leland Irving with a rebound.
11:23 of 2nd period - Backhand shot by Gabriel Bourque.
11:23 of 2nd period - Stopped by Leland Irving with a rebound.
11:25 of 2nd period - Snap shot by Marc-André Bernier.
11:25 of 2nd period - Goal by Marc-André Bernier - Rafales : 0 - Senators : 5.
11:26 of 2nd period - Mike Zigomanis wins face-off versus Stephane Da Costa in neutral zone.
12:13 of 2nd period - Wrist shot by James Marcou.
12:13 of 2nd period - Shot Blocked by Johannes Salmonsson.
12:15 of 2nd period - Slapshot by Matt Gilroy.
12:15 of 2nd period - Deflect By Johannes Salmonsson.
12:15 of 2nd period - Stopped by Brad Thiessen with a rebound.
12:17 of 2nd period - Snap shot by James Marcou.
12:17 of 2nd period - Shot Misses the Net.
12:19 of 2nd period - Slapshot by Dylan McIlrath.
12:19 of 2nd period - Stopped by Brad Thiessen with a rebound.
12:21 of 2nd period - Slapshot by Matt Gilroy.
12:21 of 2nd period - Shot Blocked by Samuel Morin.
12:23 of 2nd period - Backhand shot by Dylan McIlrath.
12:23 of 2nd period - Deflect By Cedric Paquette.
12:23 of 2nd period - Goal by Cedric Paquette - Rafales : 1 - Senators : 5.
12:24 of 2nd period - Stephane Da Costa wins face-off versus Mike Zigomanis in neutral zone.
12:27 of 2nd period - Wrist shot by Marc-André Bernier.
12:27 of 2nd period - Stopped by Leland Irving without a rebound.
12:28 of 2nd period - Mike Zigomanis wins face-off versus Stephane Da Costa in Rafales zone.
12:41 of 2nd period - Arturs Kulda is hit by Cody McLeod and loses puck.
13:02 of 2nd period - Snap shot by Nick Foligno.
13:02 of 2nd period - Shot Misses the Net.
13:04 of 2nd period - Backhand shot by Tommy Wingels.
13:04 of 2nd period - Shot Misses the Net.
13:18 of 2nd period - Snap shot by Carl Klingberg.
13:18 of 2nd period - Deflect By Johannes Salmonsson.
13:18 of 2nd period - Shot Hit the Post.
13:18 of 2nd period - Puck is out of play.
13:19 of 2nd period - Gabriel Bourque wins face-off versus Kevin Veilleux in Senators zone.
13:23 of 2nd period - Off-side.
13:24 of 2nd period - Mike Zigomanis wins face-off versus Stephane Da Costa in neutral zone.
13:31 of 2nd period - Slapshot by Michael Ryder.
13:31 of 2nd period - Stopped by Brad Thiessen with a rebound.
13:33 of 2nd period - Snap shot by Slater Koekkoek.
13:33 of 2nd period - Deflect By Michael Ryder.
13:33 of 2nd period - Shot Blocked by Marc-André Bernier.
13:33 of 2nd period - Puck is out of play.
13:34 of 2nd period - Stephane Da Costa wins face-off versus Mike Zigomanis in Senators zone.
15:02 of 2nd period - Wrist shot by Nathan Davis.
15:02 of 2nd period - Stopped by Brad Thiessen with a rebound.
15:04 of 2nd period - Slapshot by Dylan McIlrath.
15:04 of 2nd period - Deflect By James Sheppard.
15:04 of 2nd period - Stopped by Brad Thiessen with a rebound.
15:08 of 2nd period - Wrist shot by Milan Bartovic.
15:08 of 2nd period - Stopped by Brad Thiessen with a rebound.
15:58 of 2nd period - Gabriel Bourque is hit by Brian Ferlin and loses puck.
16:15 of 2nd period - Off-side.
16:16 of 2nd period - Mike Zigomanis wins face-off versus Tommy Wingels in neutral zone.
16:28 of 2nd period - Minor Penalty to Olli Maatta for Goalie Interference.
16:29 of 2nd period - Mike Zigomanis wins face-off versus Nick Foligno in Senators zone.
16:35 of 2nd period - Snap shot by Mike Zigomanis.
16:35 of 2nd period - Shot Blocked by Arturs Kulda.
18:28 of 2nd period - Penalty to Olli Maatta is over, Olli Maatta is back on ice.
18:31 of 2nd period - Off-side.
18:32 of 2nd period - Kevin Veilleux wins face-off versus Tommy Wingels in neutral zone.
18:34 of 2nd period - Off-side.
18:35 of 2nd period - Brian Ferlin wins face-off versus Tommy Wingels in neutral zone.
18:40 of 2nd period - Slapshot by Brian Ferlin.
18:40 of 2nd period - Stopped by Brad Thiessen with a rebound.
19:00 of 2nd period - Wrist shot by Cody McLeod.
19:00 of 2nd period - Goal by Cody McLeod - Rafales : 2 - Senators : 5.
19:01 of 2nd period - Stephane Da Costa wins face-off versus Mike Zigomanis in neutral zone.
19:06 of 2nd period - Snap shot by Stephane Da Costa.
19:06 of 2nd period - Stopped by Leland Irving with a rebound.
19:16 of 2nd period - Wrist shot by Cody McLeod.
19:16 of 2nd period - Shot Misses the Net.
19:35 of 2nd period - Slapshot by Milan Bartovic.
19:35 of 2nd period - Shot Blocked by Matt Frattin.
19:51 of 2nd period - Snap shot by Johannes Salmonsson.
19:51 of 2nd period - Stopped by Leland Irving without a rebound.
19:52 of 2nd period - Mike Zigomanis wins face-off versus Stephane Da Costa in Rafales zone.
19:52 of 2nd period - Mike Zigomanis is hit by Gabriel Bourque.
Goals for this period are 2 for Rafales vs 4 for Senators.
Shots for this period are 13 for Rafales vs 13 for Senators.
3rd period
0:01 of 3rd period - Stephane Da Costa wins face-off versus Mike Zigomanis in neutral zone.
0:12 of 3rd period - Wrist shot by Cody McLeod.
0:12 of 3rd period - Shot Misses the Net.
0:44 of 3rd period - Icing by Arturs Kulda.
0:45 of 3rd period - Tommy Wingels wins face-off versus Kevin Veilleux in Senators zone.
0:45 of 3rd period - Tommy Wingels is hit by Carl Klingberg.
0:59 of 3rd period - Snap shot by Gabriel Bourque.
0:59 of 3rd period - Shot Misses the Net.
1:19 of 3rd period - Wrist shot by Connor Murphy.
1:19 of 3rd period - Shot Misses the Net.
1:59 of 3rd period - Keegan Lowe is hit by Milan Bartovic and loses puck.
2:33 of 3rd period - Snap shot by James Sheppard.
2:33 of 3rd period - Deflect By Nathan Davis.
2:33 of 3rd period - Stopped by Brad Thiessen with a rebound.
2:35 of 3rd period - Slapshot by Dylan McIlrath.
2:35 of 3rd period - Stopped by Brad Thiessen with a rebound.
2:37 of 3rd period - Slapshot by Dylan McIlrath.
2:37 of 3rd period - Shot Misses the Net.
2:45 of 3rd period - Snap shot by Nathan Davis.
2:45 of 3rd period - Shot Blocked by Mason Geertsen.
3:02 of 3rd period - Off-side.
3:03 of 3rd period - Mike Zigomanis wins face-off versus Stephane Da Costa in neutral zone.
3:23 of 3rd period - Connor Murphy is hit by Gabriel Bourque and loses puck.
3:55 of 3rd period - Matt Gilroy is hit by Olli Maatta.
4:05 of 3rd period - Chris Terry is hit by Arturs Kulda and loses puck.
5:10 of 3rd period - Icing by Stephane Da Costa.
5:11 of 3rd period - Stephane Da Costa wins face-off versus Nathan Davis in Senators zone.
5:55 of 3rd period - Slapshot by Zemgus Girgensons.
5:55 of 3rd period - Deflect By Johannes Salmonsson.
5:55 of 3rd period - Shot Misses the Net.
5:55 of 3rd period - Puck is out of play.
5:56 of 3rd period - Carl Klingberg wins face-off versus Stephane Da Costa in Rafales zone.
5:56 of 3rd period - Carl Klingberg is hit by Marc-André Bernier.
6:04 of 3rd period - Snap shot by Gabriel Bourque.
6:04 of 3rd period - Shot Misses the Net.
6:56 of 3rd period - Minor Penalty to Arturs Kulda for Interference.
6:57 of 3rd period - Mike Zigomanis wins face-off versus Stephane Da Costa in Senators zone.
7:31 of 3rd period - Stephane Da Costa is hit by Dylan McIlrath and loses puck.
8:56 of 3rd period - Penalty to Arturs Kulda is over, Arturs Kulda is back on ice.
9:10 of 3rd period - Snap shot by Matt Frattin.
9:10 of 3rd period - Stopped by Leland Irving without a rebound.
9:11 of 3rd period - Kevin Veilleux wins face-off versus Tommy Wingels in Rafales zone.
9:39 of 3rd period - Dylan McIlrath is hit by Zemgus Girgensons and loses puck.
9:48 of 3rd period - Slapshot by Johannes Salmonsson.
9:48 of 3rd period - Shot Blocked by Matt Gilroy.
10:17 of 3rd period - James Sheppard is hit by Sebastian Wannstrom.
10:26 of 3rd period - Off-side.
10:27 of 3rd period - Stephane Da Costa wins face-off versus Mike Zigomanis in neutral zone.
10:30 of 3rd period - Wrist shot by Gabriel Bourque.
10:30 of 3rd period - Stopped by Leland Irving without a rebound.
10:31 of 3rd period - Stephane Da Costa wins face-off versus Mike Zigomanis in Rafales zone.
10:45 of 3rd period - Snap shot by Michael Ryder.
10:45 of 3rd period - Shot Misses the Net.
11:09 of 3rd period - Olli Maatta is hit by Nathan Davis and loses puck.
11:20 of 3rd period - Snap shot by Carl Klingberg.
11:20 of 3rd period - Shot Misses the Net.
11:46 of 3rd period - Snap shot by Kevin Veilleux.
11:46 of 3rd period - Shot Blocked by Samuel Morin.
12:06 of 3rd period - Snap shot by Michael Ryder.
12:06 of 3rd period - Deflect By Cody McLeod.
12:06 of 3rd period - Shot Misses the Net.
12:06 of 3rd period - Puck is out of play.
12:07 of 3rd period - Stephane Da Costa wins face-off versus Mike Zigomanis in Senators zone.
12:12 of 3rd period - Wrist shot by Gabriel Bourque.
12:12 of 3rd period - Stopped by Leland Irving with a rebound.
12:16 of 3rd period - Snap shot by Stephane Da Costa.
12:16 of 3rd period - Stopped by Leland Irving without a rebound.
12:16 of 3rd period - Minor Penalty to Leland Irving for Slashing.
12:17 of 3rd period - Mike Zigomanis wins face-off versus Stephane Da Costa in Rafales zone.
12:38 of 3rd period - Matt Gilroy is hit by Stephane Da Costa.
12:48 of 3rd period - Snap shot by Matt Frattin.
12:48 of 3rd period - Deflect By Nick Foligno.
12:48 of 3rd period - Stopped by Leland Irving without a rebound.
12:49 of 3rd period - Tommy Wingels wins face-off versus Mike Zigomanis in Rafales zone.
13:04 of 3rd period - Snap shot by Nick Foligno.
13:04 of 3rd period - Goal by Nick Foligno - Rafales : 2 - Senators : 6.
13:05 of 3rd period - Nathan Davis wins face-off versus Stephane Da Costa in neutral zone.
13:14 of 3rd period - Gabriel Bourque is hit by James Sheppard and loses puck.
13:36 of 3rd period - Snap shot by Milan Bartovic.
13:36 of 3rd period - Shot Blocked by Olli Maatta.
13:48 of 3rd period - Snap shot by Nathan Davis.
13:48 of 3rd period - Shot Misses the Net.
13:50 of 3rd period - Snap shot by Nathan Davis.
13:50 of 3rd period - Shot Blocked by Arturs Kulda.
13:52 of 3rd period - Slapshot by Matt Gilroy.
13:52 of 3rd period - Shot Misses the Net.
13:54 of 3rd period - Snap shot by Milan Bartovic.
13:54 of 3rd period - Stopped by Brad Thiessen with a rebound.
13:56 of 3rd period - Snap shot by Matt Gilroy.
13:56 of 3rd period - Stopped by Brad Thiessen with a rebound.
13:58 of 3rd period - Snap shot by Milan Bartovic.
13:58 of 3rd period - Shot Misses the Net.
14:04 of 3rd period - Snap shot by Nathan Davis.
14:04 of 3rd period - Stopped by Brad Thiessen with a rebound.
14:06 of 3rd period - Wrist shot by Nathan Davis.
14:06 of 3rd period - Stopped by Brad Thiessen with a rebound.
14:18 of 3rd period - Snap shot by Milan Bartovic.
14:18 of 3rd period - Shot Misses the Net.
14:42 of 3rd period - Snap shot by Milan Bartovic.
14:42 of 3rd period - Shot Misses the Net.
14:44 of 3rd period - Backhand shot by Matt Gilroy.
14:44 of 3rd period - Deflect By James Sheppard.
14:44 of 3rd period - Shot Blocked by Arturs Kulda.
14:44 of 3rd period - Puck is out of play.
14:45 of 3rd period - Mike Zigomanis wins face-off versus Stephane Da Costa in Senators zone.
14:46 of 3rd period - Wrist shot by Cody McLeod.
14:46 of 3rd period - Shot Hit the Post.
14:54 of 3rd period - Slapshot by Michael Ryder.
14:54 of 3rd period - Shot Misses the Net.
15:17 of 3rd period - Off-side.
15:18 of 3rd period - Stephane Da Costa wins face-off versus Mike Zigomanis in neutral zone.
15:46 of 3rd period - Snap shot by Brian Ferlin.
15:46 of 3rd period - Stopped by Brad Thiessen with a rebound.
15:48 of 3rd period - Wrist shot by Carl Klingberg.
15:48 of 3rd period - Stopped by Brad Thiessen with a rebound.
15:50 of 3rd period - Snap shot by Joey Laleggia.
15:50 of 3rd period - Stopped by Brad Thiessen without a rebound.
15:51 of 3rd period - Kevin Veilleux wins face-off versus Chandler Stephenson in Senators zone.
16:38 of 3rd period - Snap shot by Brian Ferlin.
16:38 of 3rd period - Stopped by Brad Thiessen with a rebound.
16:40 of 3rd period - Wrist shot by Carl Klingberg.
16:40 of 3rd period - Stopped by Brad Thiessen without a rebound.
16:41 of 3rd period - Stephane Da Costa wins face-off versus Michael Ryder in Senators zone.
17:11 of 3rd period - Slater Koekkoek is hit by Arturs Kulda and loses puck.
17:18 of 3rd period - Snap shot by Tommy Wingels.
17:18 of 3rd period - Shot Misses the Net.
17:20 of 3rd period - Snap shot by Tommy Wingels.
17:20 of 3rd period - Shot Blocked by James Sheppard.
17:22 of 3rd period - Snap shot by Matt Frattin.
17:22 of 3rd period - Shot Blocked by Slater Koekkoek.
18:46 of 3rd period - Wrist shot by James Marcou.
18:46 of 3rd period - Stopped by Brad Thiessen with a rebound.
19:36 of 3rd period - Brian Ferlin is hit by Olli Maatta.
Goals for this period are 0 for Rafales vs 1 for Senators.
Shots for this period are 12 for Rafales vs 6 for Senators.
Back to the Top